 Dungeon Crawl Stone Soup version 0.31-a0-1620-gcbf77bbcfc (webtiles) character file.

Game seed: 8539704947797752178

433 Newt the Ducker (level 6, -3/48 HPs)
             Began as a Demonspawn Gladiator on Jan 11, 2024.
             Splashed by a jelly's acid (9 damage)
             ... on level 4 of the Dungeon.
             The game lasted 00:03:06 (3009 turns).

Newt the Ducker (Demonspawn Gladiator)              Turns: 3009, Time: 00:03:07

Health: -3/48      AC: -2    Str: 14    XL:     6   Next: 67%
Magic:  6/6        EV:  8    Int:  8    God:
Gold:   141        SH:  0    Dex: 17    Spells: 5/5 levels left

rFire   . . .        o - +0 rapier (venom)
rCold   . . .        (no shield)
rNeg    . . .        x - +0 chain mail {rPois}
rPois   +            (helmet restricted)
rElec   .            k - +0 cloak
rCorr   .            p - +0 pair of gloves
SInv    .            (no boots)
Will    .....        (no amulet) Stlth
                     (no ring)
HPRegen 0.28/turn    (no ring)
MPRegen 0.10/turn

%: no passive effects
@: corroded
A: antennae 1, hooves 2, demonic magic 1
a: no special abilities


You were on level 4 of the Dungeon.
You visited 1 branch of the dungeon, and saw 4 of its levels.

You collected 141 gold pieces.

Inventory:

Hand Weapons
 a - a +0 rapier
 f - a +0 sling of flaming
 o - a +0 rapier of venom (weapon)
Missiles
 d - 3 throwing nets (quivered)
 e - a javelin
 q - 3 boomerangs
 u - 5 poisoned darts
Armour
 b - a +0 leather armour
 c - a +0 helmet
 k - a +0 cloak (worn)
 p - a +0 pair of gloves (worn)
 x - a +0 chain mail of poison resistance (worn)
Scrolls
 h - a scroll of vulnerability
 i - a scroll of acquirement {unknown}
 m - a scroll of immolation
 r - a scroll of amnesia
 s - a scroll of enchant weapon {unknown}
 v - a scroll of identify
 y - a scroll of blinking {unknown}
Potions
 g - a potion of enlightenment
 j - a potion of curing
 l - a potion of resistance
 n - a potion of brilliance
 t - a potion of heal wounds {unknown}
 w - a potion of mutation {unknown}


   Skills:
 - Level 4.0 Fighting
 - Level 4.0 Short Blades
 - Level 1.8 Throwing
 + Level 4.4 Dodging
 - Level 3.0 Stealth


You had 5 spell levels left.
You didn't know any spells.
Your spell library contained the following spells:

 Spells                   Type           Power      Damage    Failure   Level
 Summon Ice Beast         Ice/Summ       0%         N/A       100%        3
 Summon Blazeheart Golem  Fire/Summ      0%         N/A       100%        4
 Summon Mana Viper        Hex/Summ       0%         N/A       100%        5
 Monstrous Menagerie      Summ           0%         N/A       100%        7
 Orb of Destruction       Conj           0%         9d5       100%        7
 Spellforged Servitor     Conj/Summ      0%         N/A       100%        7


Dungeon Overview and Level Annotations

Branches:
Dungeon (4/15)
 Temple: D:4-7

Altars:
Vehumet
Xom


Innate Abilities, Weirdness & Mutations

You have a pair of small antennae on your head.
You have hoof-like feet.
Spells you cast may paralyse adjacent enemies.


Message History

The hound is heavily wounded.
The hound bites you but does no damage.
You closely miss the hound.
The hound is almost dead.
You kill the hound!
Your Dodging skill increases to level 4!
You hit the hound.
The hound is poisoned.
You kick the hound.
The hound is moderately wounded.
The hound completely misses you. The hound bites you.
You closely miss the hound.
The hound is heavily wounded.
The hound misses you.
You closely miss the hound.
The hound is heavily wounded.
The hound bites you but does no damage. The hound barely misses you.
You hit the hound but do no damage.
The hound is heavily wounded.
The hound bites you but does no damage.
You hit the hound. Your kick misses the hound.
The hound is severely wounded.
The hound bites you but does no damage. The hound bites you.
You puncture the hound!
You kill the hound!
You hit the hobgoblin.
The hobgoblin is poisoned.
The hobgoblin is severely wounded.
The hobgoblin barely misses you.
You hit the hobgoblin but do no damage.
The hobgoblin looks even sicker.
The hobgoblin is severely wounded.
You kill the hobgoblin!
You hit the jelly.
The jelly is poisoned.
The acid corrodes you!
Your hands burn!
The jelly is moderately wounded.
The jelly hits you. The acid corrodes you!
You are splashed with acid!
* * * LOW HITPOINT WARNING * * *
You barely miss the jelly. Your kick misses the jelly.
The jelly is moderately wounded.
The jelly hits you.
* * * LOW HITPOINT WARNING * * *
The acid corrodes you!
You are splashed with acid!
You die...

...
#.#
..#
...
#o#
#o#
#J#
#@#
#.#
#.#
#.#
#..
#.#
#.#
#.#
#.#
#.#
#.#
#.#
#.#
#.#
#.#


You could see a jelly (very poisoned) and 2 orcs.

Vanquished Creatures
  An ogre (D:4)
  A scorpion (D:3)
  A bombardier beetle (D:3)
  3 hounds (D:4)
  Terence (D:3)
  An orc wizard (D:4)
  6 adders
  2 dart slugs
  2 ribbon worms
  2 orcs (D:3)
  6 endoplasms
  A giant cockroach (D:3)
  3 goblins
  6 hobgoblins
  4 jackals (D:1)
  3 kobolds
  3 quokkas
  6 ball pythons
  2 bats
  A frilled lizard (D:1)
  6 rats
61 creatures vanquished.

Notes
Turn   | Place    | Note
-------+----------+-------------------------------------------
     0 | D:1      | Newt the Demonspawn Gladiator began the quest for the Orb.
     0 | D:1      | Reached XP level 1. HP: 16/16 MP: 1/1
   169 | D:1      | Discovered your monstrous ancestry.
   169 | D:1      | Gained mutation: You have a pair of small antennae on your
                  | head. [demonic ancestry]
   169 | D:1      | Reached XP level 2. HP: 23/23 MP: 2/2
   371 | D:1      | Found a faded altar of an unknown god.
  1059 | D:2      | Gained mutation: You have large cloven feet. [demonic
                  | ancestry]
  1059 | D:2      | Reached XP level 3. HP: 29/29 MP: 3/3
  1091 | D:2      | Found a radiant altar of Vehumet.
  1747 | D:3      | Reached skill level 1 in Stealth
  1791 | D:3      | Gained mutation: You have hoof-like feet. [demonic
                  | ancestry]
  1791 | D:3      | Reached XP level 4. HP: 37/37 MP: 4/4
  1929 | D:3      | Noticed a scorpion
  1936 | D:3      | Killed a scorpion
  1946 | D:3      | HP: 1/37 [poisoned by a scorpion]
  2124 | D:3      | Reached XP level 5. HP: 41/42 MP: 5/5
  2176 | D:3      | Found a shimmering altar of Xom.
  2306 | D:3      | Noticed Terence
  2320 | D:3      | Killed Terence
  2888 | D:4      | Noticed an ogre
  2897 | D:4      | Killed an ogre
  2898 | D:4      | Gained mutation: Spells you cast may paralyse adjacent
                  | enemies. [demonic ancestry]
  2898 | D:4      | Reached XP level 6. HP: 46/48 MP: 6/6
  3009 | D:4      | Splashed by a jelly's acid

Illustrated notes

Levels and vault maps discovered:
D:1:      wheals_arrival_linesprint, layout_rooms,
          shapermc_ecumenical_altar_acropolis, minmay_splitting_lines,
          minmay_misc_feat_enclosed, roderic_lattice_a, chequers_avenue,
          minmay_misc_feat_nine_boxes, nicolae_figureground_pulse
D:2:      layout_loops_cross, basic_altar, grunt_ministairs_2
D:3:      layout_loops_corners, mainiacjoe_overflow_paths, chequers_arboretum,
          minivault_27, uniq_terence
D:4:      layout_loops_ring, minmay_circle_x, uniq_sigmund

Skill      XL: |  1  2  3  4  5  6 |
---------------+-------------------+-----
Fighting       | 3 4 |  4.0
Stealth        | 1 3 |  3.0
Short Blades   | 4 |  4.0
Dodging        | 3 4 |  4.4
Throwing       | |  1.8

Action                     |  1- 3 |  4- 6 || total
---------------------------+-------+-------++-------
  Melee: Rapier            |    25 |    70 ||    95
         Kick              |     5 |    17 ||    22
         Punch             |       |     1 ||     1
   Fire: Sling             |    90 |       ||    90
  Throw: Dart              |       |     2 ||     2
         Throwing net      |       |     2 ||     2
    Use: Scroll            |     6 |       ||     6
         Potion            |       |     2 ||     2
   Stab: Sleeping          |       |     5 ||     5
         Distracted        |       |     1 ||     1
         Held in net/web   |       |     1 ||     1
 Armour: Leather armour    |    35 |    16 ||    51
         Chain mail        |       |    25 ||    25
  Dodge: Dodged            |    64 |    19 ||    83

Table legend: (Time is in decaauts)
 A = Elapsed time spent in this place.
 B = Non-inter-level travel time spent in this place.
 C = Inter-level travel time spent in this place.
 D = Time resting spent in this place.
 E = Time spent auto-exploring this place.
 F = Levels seen in this place.
 G = Mean time per level.
                   A        B        C        D        E       F      G
               +--------+--------+--------+--------+--------+-----+--------+
         Total |   3050 |   2752 |    298 |      0 |   2294 |   4 |  762.5 |
       Dungeon |   3050 |   2752 |    298 |      0 |   2294 |   4 |  762.5 |
               +--------+--------+--------+--------+--------+-----+--------+

Top non-repeatable levels by time:
     D:3: 1228 daAuts
     D:1: 979 daAuts
     D:2: 721 daAuts
     D:4: 120 daAuts
